 Dungeon Crawl Stone Soup version 0.32-a0-913-g739538afd8 (webtiles) character file.

Game seed: 17649762102980975410

291 Biggs the Changeling (level 6, 0/38 HPs)
             Began as an Octopode Shapeshifter on Apr 9, 2024.
             Slain by an adder (4 damage)
             ... on level 3 of the Dungeon.
             The game lasted 00:03:16 (1830 turns).

Biggs the Changeling (Octopode Shapeshifter)        Turns: 1830, Time: 00:03:17

Health: 0/38       AC:  1    Str: 16    XL:     6   Next: 32%
Magic:  6/6        EV: 12    Int: 12    God:
Gold:   79         SH:  0    Dex: 11    Spells: 5/5 levels left

rFire   . .          .
                       - Unarmed
rCold   . . .        (no shield)
rNeg    . . .        (helmet currently unavailable)
rPois   .            k - amulet of the acrobat
rElec   .            (no ring)
rCorr   .            (no ring)
SInv    .            (no ring)
Will    .....        (no ring)
Stlth   ++           (no ring)
HPRegen 0.26/turn    (no ring)
MPRegen 0.10/turn    (no ring)
                     (no ring)

%: acrobat
@: beast-form
A: beast (slay +3), almost no armour, amphibious, 8 rings, camouflage 1,
gelatinous body 1, (nimble swimmer 1), tentacles
a: Begin Untransformation


You were on level 3 of the Dungeon.
You were a hulking beast.
You visited 1 branch of the dungeon, and saw 3 of its levels.

You collected 79 gold pieces.

Inventory:

Jewellery
 k - an amulet of the acrobat (around mantle)
Talismans
 b - a beast talisman (active)
 c - a flux talisman
Scrolls
 e - 2 scrolls of teleportation
 h - a scroll of immolation {unknown}
 l - a scroll of revelation
Potions
 a - a potion of lignification
 d - 2 potions of mutation {unknown}
 f - a potion of might {unknown}
 g - a potion of enlightenment {unknown}
 i - 2 potions of curing {unknown}
 j - a potion of cancellation {unknown}
 m - a potion of heal wounds {unknown}


   Skills:
 - Level 1.0 Fighting
 - Level 2.0 Dodging
 - Level 3.0 Unarmed Combat
 + Level 6.4 Shapeshifting


You had 5 spell levels left.
You didn't know any spells.
Your spell library contained the following spells:

 Spells                   Type           Power      Damage    Failure   Level
 Summon Ice Beast         Ice/Summ       0%         N/A       69%         3
 Summon Mana Viper        Hex/Summ       0%         N/A       100%        5
 Monstrous Menagerie      Summ           0%         N/A       100%        7


Dungeon Overview and Level Annotations

Branches:
Dungeon (3/15)

Altars:
Vehumet


Innate Abilities, Weirdness & Mutations

You are a hulking beast.
Your limbs bulge with bestial killing power. (Slay +3)
You cannot wear most types of armour.
You are amphibious.
You can wear up to eight rings at the same time.
Your skin changes colour to match your surroundings (Stealth+).
Your rubbery body absorbs attacks. (AC +1, EV +1)
((You are camouflaged when in or above water. (Stealth+)))
You have tentacles for arms and can constrict up to eight enemies at once.


Message History

Grinder is lightly wounded.
You constrict Grinder. The adder misses you. Grinder closely misses you.
The adder bites you.
You tentacle-slap Grinder.
Grinder is moderately wounded.
You constrict Grinder. Grinder barely misses you.
The adder bites you but does no damage.
You tentacle-slap Grinder.
Grinder is heavily wounded.
You constrict Grinder. Grinder misses you. The adder bites you.
You tentacle-slap Grinder.
Grinder is severely wounded.
You constrict Grinder. The adder closely misses you. Grinder gestures at you.
Pain shoots through your body!
You tentacle-slap Grinder. You squeeze Grinder!
Grinder is almost dead.
You constrict Grinder. The adder misses you. Grinder misses you.
The adder misses you.
You barely miss Grinder.
Grinder is almost dead.
You constrict Grinder. Grinder hits you.
* * * LOW HITPOINT WARNING * * *
You writhe in agony.
* * * LOW HITPOINT WARNING * * *
The adder completely misses you.
You tentacle-slap Grinder but do no damage.
Grinder is almost dead.
You constrict Grinder.
You kill Grinder!
The adder bites you.
* * * LOW HITPOINT WARNING * * *
Your Shapeshifting skill increases to level 6!
You have reached level 5!
You feel stronger.
You have reached level 6!
You tentacle-slap the adder. You grab the adder.
The adder is moderately wounded.
You constrict the adder. The adder bites you.
You die...

############ **,,*
...........# *,,**
...).......# *###,**
...........# *##..,,*
....##...### *##...****
########.########...##*
.....................#
########.#...?..S....#
########.#......h....#
########..$..........#
#########......!.....#
##########...........#
######## #..#####.####
########*#^.)***,.#
******,,,#.#.#,,,##
,,,,,,,,,..#.#,***
,*****,,,###.#,*


You could see an adder.

Vanquished Creatures
  Grinder (D:3)
  4 gnolls (D:2)
  2 adders (D:2)
  6 endoplasms
  A giant cockroach (D:3)
  4 goblins
  5 hobgoblins
  2 quokkas
  4 ball pythons
  4 bats
  4 kobolds
  A rat (D:2)
38 creatures vanquished.

Notes
Turn   | Place    | Note
-------+----------+-------------------------------------------
     0 | D:1      | Biggs the Octopode Shapeshifter began the quest for the
                  | Orb.
     0 | D:1      | Reached XP level 1. HP: 13/13 MP: 1/1
   240 | D:1      | Reached XP level 2. HP: 18/18 MP: 2/2
   446 | D:1      | Found a faded altar of an unknown god.
   951 | D:2      | Reached skill level 4 in Shapeshifting
   951 | D:2      | Reached XP level 3. HP: 12/23 MP: 3/3
  1265 | D:2      | Found a radiant altar of Vehumet.
  1304 | D:2      | Reached XP level 4. HP: 14/28 MP: 4/4
  1658 | D:3      | Reached skill level 5 in Shapeshifting
  1773 | D:3      | Noticed Grinder
  1829 | D:3      | Killed Grinder
  1830 | D:3      | Reached skill level 6 in Shapeshifting
  1830 | D:3      | Reached XP level 5. HP: 3/33 MP: 5/5
  1830 | D:3      | Reached XP level 6. HP: 4/38 MP: 6/6
  1830 | D:3      | Slain by an adder

Illustrated notes

Levels and vault maps discovered:
D:1:      dpeg_arrival_simpleton_a, layout_basic,
          shapermc_ecumenical_altar_pompeii
D:2:      layout_rooms, basic_altar, eino_tiny_chamber
D:3:      layout_basic, uniq_grinder, uniq_terence

Skill      XL: |  1  2  3  4 |
---------------+-------------+-----
Shapeshifting  | 4 6 |  6.4
Fighting       | |  1.0
Dodging        | |  2.0
Unarmed Combat | |  3.0

Action                     |  1- 3 |  4- 6 || total
---------------------------+-------+-------++-------
  Melee: Unarmed           |    46 |    20 ||    66
         Tentacles         |     7 |     5 ||    12
         Constrict         |     8 |     6 ||    14
         Punch             |     1 |       ||     1
    Use: Scroll            |       |     2 ||     2
   Stab: Sleeping          |     8 |     3 ||    11
 Armour: Skin              |    21 |    12 ||    33
  Dodge: Dodged            |    21 |    13 ||    34

Table legend: (Time is in decaauts)
 A = Elapsed time spent in this place.
 B = Non-inter-level travel time spent in this place.
 C = Inter-level travel time spent in this place.
 D = Time resting spent in this place.
 E = Time spent auto-exploring this place.
 F = Levels seen in this place.
 G = Mean time per level.
                   A        B        C        D        E       F      G
               +--------+--------+--------+--------+--------+-----+--------+
         Total |   1825 |   1775 |     50 |      0 |   1453 |   3 |  608.3 |
       Dungeon |   1825 |   1775 |     50 |      0 |   1453 |   3 |  608.3 |
               +--------+--------+--------+--------+--------+-----+--------+

Top non-repeatable levels by time:
     D:1: 940 daAuts
     D:2: 701 daAuts
     D:3: 183 daAuts
